[Event "ICC Open 2015"]
[Site "Internet Chess Club"]
[Date "2015.05.30"]
[Round "2"]
[White "outubro2"]
[Black "grancaruso"]
[Result "0-1"]
[ICCResult "White forfeits on time"]
[WhiteElo "1602"]
[BlackElo "1882"]
[Opening "English: symmetrical, Rubinstein system"]
[ECO "A16"]
[NIC "EO.36"]
[Time "14:16:27"]
[TimeControl "180+0"]

1. c4 Nf6 2. Nc3 d5 3. cxd5 Nxd5 4. g3 c5 5. Bg2 Nc7 6. Nf3 Nc6 7. d3 e5 8.
O-O Be7 9. Be3 O-O 10. Rc1 Bd7 11. Ne4 b6 12. a3 f6 13. Qc2 Rc8 14. Rfd1 Nd5
15. Bd2 Nd4 16. Nxd4 cxd4 17. Qb3 Be6 18. Qa4 Rxc1 19. Bxc1 Qc7 20. Nd2 Rc8
21. Nc4 Bf7 22. Qb5 Qc5 23. Qxc5 Bxc5 24. Bd2 Be7 25. b4 Kf8 26. Rc1 Ke8 27.
Nb2 Rxc1+ 28. Bxc1 Kd7 29. Bxd5 Bxd5 30. Bd2 Kc6 31. Kf1 a5 32. bxa5 bxa5
33. Bxa5 Bxa3 34. Nd1 Bb3 35. Ke1 Kb5 36. Bd2 Bb4 37. Bxb4 Kxb4 38. Nb2 Kc3
39. Nd1+ Bxd1 40. Kxd1 h5 41. h3 g5 42. h4 g4 43. Kc1 f5 44. Kd1 e4 45. dxe4
fxe4 46. Kc1 d3 47. Kd1 d2 48. e3 Kd3 49. f3 gxf3 {White forfeits on time}
0-1

[Event "ICC Open 2015"]
[Site "Internet Chess Club"]
[Date "2015.05.30"]
[Round "2"]
[White "BlueGoose"]
[Black "RichardZ"]
[Result "0-1"]
[ICCResult "White checkmated"]
[WhiteElo "1805"]
[BlackElo "1442"]
[Opening "QGD: 4.Bg5 Be7"]
[ECO "D53"]
[NIC "QO.13"]
[Time "14:16:26"]
[TimeControl "180+0"]

1. d4 d5 2. c4 e6 3. Nc3 Nf6 4. Bg5 Be7 5. Bxf6 Bxf6 6. cxd5 exd5 7. e3 Nc6
8. Bd3 Be6 9. a3 O-O 10. Qc2 h6 11. O-O-O a6 12. Nf3 Na5 13. Rdg1 b6 14. g4
c5 15. h4 c4 16. Bh7+ Kh8 17. g5 Nb3+ 18. Kb1 g6 19. Bxg6 fxg6 20. Qxg6 Bg7
21. gxh6 Bf5+ 22. Ka2 Bxg6 23. Rxg6 Bxh6 24. Rxh6+ Kg7 25. Rh5 Rxf3 26. Nxd5
Kg6 27. Rg5+ Qxg5 28. hxg5 Kxg5 29. Nxb6 Rxf2 30. Nxc4 Nd2 31. Ne5 Nf3 32.
Nc4 Rb8 33. Rc1 Nd2 34. Na5 Rf5 35. Nc6 Rc8 36. Ne7 Rxc1 37. Nxf5 Kxf5 38.
b4 Ke4 39. Kb2 Rc8 40. a4 Kxe3 41. b5 Kxd4 42. Ka3 axb5 43. axb5 Kc3 44. Ka4
Nb3 45. b6 Kc4 46. b7 Rb8 47. Ka3 Rxb7 48. Kb2 Nd4+ 49. Kc1 Ne6 50. Kd2 Rb3
51. Ke2 Kd4 52. Kf2 Ke4 53. Ke2 Rb2+ 54. Kd1 Ke3 55. Kc1 Rh2 56. Kd1 Rg2 57.
Kc1 Kd3 58. Kb1 Kc3 59. Kc1 Rg1# {White checkmated} 0-1

[Event "ICC Open 2015"]
[Site "Internet Chess Club"]
[Date "2015.05.30"]
[Round "2"]
[White "Nightlife"]
[Black "eddington"]
[Result "0-1"]
[ICCResult "White forfeits on time"]
[WhiteElo "1700"]
[BlackElo "2157"]
[Opening "Ruy Lopez: closed defense"]
[ECO "C84"]
[NIC "RL.13"]
[Time "14:16:32"]
[TimeControl "180+0"]

1. e4 e5 2. Nf3 Nc6 3. Bb5 a6 4. Ba4 Nf6 5. O-O Be7 6. Nc3 b5 7. Bb3 O-O 8.
Nd5 d6 9. c3 Nxe4 10. Nxe7+ Nxe7 11. d4 exd4 12. Qxd4 Nc5 13. Bc2 Bb7 14.
Ng5 Ng6 15. h4 Ne6 16. Nxe6 fxe6 17. Bxg6 hxg6 18. Qg4 Qe8 19. Re1 e5 20.
Bg5 Qf7 21. Qg3 Qf5 22. a4 bxa4 23. Rxa4 Qc2 24. Rg4 Rf7 25. Be3 Rf6 26. Bg5
Rf7 27. Be3 Rf6 28. Bg5 Re6 29. Be3 Rf8 30. h5 Rff6 31. Bg5 gxh5 32. Bxf6
hxg4 33. Bg5 Qf5 34. Be3 Rf6 35. Ra1 Rg6 36. Qh4 Qe4 37. Qg3 Qf5 38. Ra4
Qb1+ 39. Kh2 Qd1 40. Rb4 Bc6 41. Rb8+ Kf7 42. Qh4 g3+ 43. fxg3 Qe2 44. Rf8+
Kxf8 45. Qd8+ Kf7 46. Qxc7+ Kg8 47. Qd8+ Kh7 48. Qh4+ Rh6 49. Qxh6+ gxh6
{White forfeits on time}
0-1

[Event "ICC Open 2015"]
[Site "Internet Chess Club"]
[Date "2015.05.30"]
[Round "2"]
[White "cirobur"]
[Black "ClockWatcher"]
[Result "0-1"]
[ICCResult "White resigns"]
[WhiteElo "1084"]
[BlackElo "1846"]
[Opening "Sicilian: Grand Prix attack"]
[ECO "B21"]
[NIC "SI.48"]
[Time "14:17:12"]
[TimeControl "180+0"]

1. e4 c5 2. f4 d6 3. Nf3 g6 4. Bc4 Bg7 5. d3 Nc6 6. O-O Nh6 7. c3 O-O 8. f5
Ne5 9. Nxe5 dxe5 10. Bg5 Kh8 11. fxg6 fxg6 12. Nd2 Bg4 13. Qe1 Qd7 14. Qg3
e6 15. Nb3 Bh5 16. Nxc5 Qc8 17. Bxe6 Qxc5+ 18. Kh1 Rae8 19. Bg4 Nxg4 20. h3
Nh6 21. Bxh6 Bxh6 22. Rxf8+ Rxf8 23. Re1 Bf4 24. Qh4 Qc8 25. g4 Qd8 26. Qxd8
Rxd8 27. gxh5 gxh5 28. Rf1 Rxd3 29. Kg2 Rg3+ 30. Kf2 h4 31. Rg1 Be3+ 32. Kf1
Bxg1 33. Ke2 Be3 34. Kf1 Bf4 35. Ke2 Rxh3 36. c4 Re3+ 37. Kf1 Rxe4 38. Kg1
Rxc4 39. Kg2 Rc2+ 40. Kf3 Rxb2 41. Ke4 Rxa2 42. Kd5 Rd2+ {White resigns} 0-1

[Event "ICC Open 2015"]
[Site "Internet Chess Club"]
[Date "2015.05.30"]
[Round "2"]
[White "Domenicoluigi"]
[Black "Cinzento"]
[Result "0-1"]
[ICCResult "White checkmated"]
[WhiteElo "1190"]
[BlackElo "1744"]
[Opening "Sicilian defense"]
[ECO "B20"]
[NIC "SI.48"]
[Time "14:18:52"]
[TimeControl "180+0"]

1. e4 c5 2. Bc4 e6 3. b3 a6 4. d4 cxd4 5. Qxd4 Qf6 6. e5 Qg6 7. g3 Qxc2 8.
Ba3 Bxa3 9. Bd3 Qc1+ 10. Ke2 Bb2 11. Qd6 Bxa1 12. Nd2 Bc3 13. Be4 Qxd2+ 14.
Qxd2 Bxd2 15. Kxd2 d5 16. Bf3 Nc6 17. Nh3 Nxe5 18. Be2 Nf6 19. Rc1 Bd7 20.
Ke1 Ke7 21. Kf1 Rac8 22. Rb1 Rc2 23. Bd1 Bb5+ 24. Kg1 Rxa2 25. b4 Ne4 26.
Bb3 Rd2 27. Nf4 Nxf2 28. Nh5 Nh3+ 29. Kh1 Ng4 30. Nxg7 Rxh2# {White
checkmated} 0-1

[Event "ICC Open 2015"]
[Site "Internet Chess Club"]
[Date "2015.05.30"]
[Round "2"]
[White "kaspinha"]
[Black "Pkopsa"]
[Result "1-0"]
[ICCResult "Black forfeits on time"]
[WhiteElo "2343"]
[BlackElo "1605"]
[Opening "Sicilian: Canal-Sokolsky attack, 3...Bd7"]
[ECO "B52"]
[NIC "SI.01"]
[Time "14:17:28"]
[TimeControl "180+0"]

1. e4 c5 2. Nf3 d6 3. Bb5+ Bd7 4. a4 Nf6 5. O-O g6 6. Re1 Bg7 7. c3 e6 8. d4
cxd4 9. cxd4 d5 10. exd5 Nxd5 11. Nc3 Nxc3 12. bxc3 O-O 13. Ne5 Bxb5 14.
axb5 Nd7 15. Nd3 Nb6 16. Ba3 Re8 17. Bc5 a6 18. bxa6 Rxa6 19. Rb1 Nd5 20.
Rxb7 Nxc3 21. Qf3 Qf6 22. Qxf6 Bxf6 23. Nb4 Raa8 24. g3 h5 25. Kg2 Red8 26.
Rc1 Nd5 27. Nc6 Rdc8 28. Na7 Rd8 29. h4 Rab8 30. Rxb8 Rxb8 31. Nc6 Rb2 32.
Ra1 Kg7 33. Ra7 Ne3+ 34. Kf3 Ng4 35. d5 exd5 36. Ra8 Rc2 37. Bf8+ Kh7 38.
Bc5 Rxc5 39. Kg2 Rc2 40. Nd4 Rxf2+ 41. Kg1 Kg7 42. Kh1 Rd2 43. Ra2
{Black forfeits on time}
1-0

[Event "ICC Open 2015"]
[Site "Internet Chess Club"]
[Date "2015.05.30"]
[Round "2"]
[White "nadalthegreat"]
[Black "Cristhian-ator"]
[Result "0-1"]
[ICCResult "White checkmated"]
[WhiteElo "1713"]
[BlackElo "2526"]
[Opening "Scandinavian (center counter) defense"]
[ECO "B01"]
[NIC "SD.02"]
[Time "14:19:23"]
[TimeControl "180+0"]

1. e4 d5 2. exd5 Qxd5 3. Nc3 Qe5+ 4. Be2 c6 5. Nf3 Qc7 6. O-O Bg4 7. d4 e6
8. h3 Bh5 9. Be3 Nf6 10. Qd2 Nbd7 11. Rad1 O-O-O 12. Rfe1 Bd6 13. a4 Bb4 14.
Bf4 Qa5 15. Ra1 Ne4 16. Qd3 Nxc3 17. bxc3 Bxc3 18. Bd2 Bxd2 19. Qxd2 Qxd2
20. Nxd2 Bxe2 21. Rxe2 Nf6 22. Nf3 Nd5 23. c4 Nb6 24. c5 Nd5 25. Rb2 Rd7 26.
Ne5 Rc7 27. Rab1 Rd8 28. a5 a6 29. Nc4 Nc3 30. Nd6+ Rxd6 31. cxd6 Rd7 32.
Re1 Nb5 33. Reb1 Rxd6 34. Rd2 Nxd4 35. Kh1 Kc7 36. Rdb2 Nb5 37. Rf1 Rd4 38.
Kh2 c5 39. Rc2 Kc6 40. Rfc1 Rd5 41. Kg3 Nd6 42. f4 c4 43. Rb2 Rxa5 44. Rbc2
b5 45. Kf3 Ra3+ 46. Ke2 Kc5 47. Rd2 b4 48. Rcd1 Nb5 49. Rd8 Nc3+ 50. Kd2
Nxd1 51. Rc8+ Kb5 52. Kxd1 c3 53. Kc2 Ra2+ 54. Kb3 Rb2# {White checkmated}
0-1

[Event "ICC Open 2015"]
[Site "Internet Chess Club"]
[Date "2015.05.30"]
[Round "2"]
[White "krankenstein"]
[Black "A4-H5"]
[Result "1-0"]
[ICCResult "Black forfeits on time"]
[WhiteElo "1094"]
[BlackElo "1688"]
[Opening "Modern defense"]
[ECO "A40"]
[NIC "QO.17"]
[Time "14:19:06"]
[TimeControl "180+0"]

1. d4 g6 2. h3 Bg7 3. Nf3 Nf6 4. Bf4 O-O 5. e3 c5 6. Bd3 d6 7. O-O cxd4 8.
exd4 Nc6 9. c3 Nd5 10. Bg3 e5 11. dxe5 dxe5 12. Bc4 Be6 13. b3 Nf4 14. Bxe6
Nxe6 15. Qxd8 Rfxd8 16. Nbd2 f5 17. Rad1 e4 18. Bh4 exf3 19. Bxd8 Rxd8 20.
Nxf3 Kf7 21. Rxd8 Ncxd8 22. Rd1 Nc6 23. Rd7+ Kf8 24. Rxb7 Bxc3 25. Rxh7 Nf4
26. g3 Ne2+ 27. Kg2 f4 28. Ng5 Ne5 29. Ne6+ Kg8 30. Rxa7 f3+ 31. Kf1 Nc6 32.
Ra8+ Kf7 33. Ng5+ Ke7 34. Nxf3 Nc1 35. Ng5 Nd3 36. Rc8 Kd7 37. Rg8 Nce5 38.
Rg7+ Kd6 39. Ne4+ Kd5 40. Nxc3+ Kd4 41. Nb5+ Ke4 42. Re7 Kf3 43. Nd4+ Ke4
44. Ne2 Kf3 45. Nd4+ Ke4 46. Ne2 Kd5 47. Nc3+ Kd6 48. Ra7 Nf3 49. Ke2 Nde5
50. Ra6+ Kc5 51. Ne4+ Kd5 52. Rd6+ Kxe4 53. a4 Kf5 54. a5 Ke4 55. a6 Kf5 56.
a7 Ke4 57. a8=Q+ Nc6 58. Qxc6+ Kf5 59. Rf6+ {Black forfeits on time} 1-0

[Event "ICC Open 2015"]
[Site "Internet Chess Club"]
[Date "2015.05.30"]
[Round "3"]
[White "Xapado"]
[Black "chesstempo2"]
[Result "0-1"]
[ICCResult "White resigns"]
[WhiteElo "1559"]
[BlackElo "1965"]
[Opening "English: Caro-Kann defensive system"]
[ECO "A11"]
[NIC "EO.64"]
[Time "14:26:15"]
[TimeControl "180+0"]

1. c4 c6 2. Nc3 d5 3. e3 Nf6 4. Nf3 Nbd7 5. Be2 g6 6. O-O Bg7 7. cxd5 cxd5
8. d4 O-O 9. b3 e6 10. Ba3 Re8 11. Rc1 Ne4 12. Nxe4 dxe4 13. Ng5 Qxg5 14.
Rc7 Qd8 15. Qc2 Nb8 16. Rc1 Nc6 {White resigns} 0-1

[Event "ICC Open 2015"]
[Site "Internet Chess Club"]
[Date "2015.05.30"]
[Round "3"]
[White "livis"]
[Black "krankenstein"]
[Result "1-0"]
[ICCResult "Black checkmated"]
[WhiteElo "1928"]
[BlackElo "1094"]
[Opening "Center game"]
[ECO "C21"]
[NIC "KP.04"]
[Time "14:26:45"]
[TimeControl "180+0"]

1. e4 e5 2. d4 exd4 3. Bd3 Nc6 4. f4 d6 5. Nf3 h6 6. a3 Bd7 7. O-O Be7 8. b4
Nf6 9. Qe2 Bg4 10. Nbd2 O-O 11. h3 Bh5 12. g4 Nxg4 13. hxg4 Bxg4 14. Qg2 h5
15. Nh2 Qd7 16. Nxg4 hxg4 17. b5 Na5 18. f5 f6 19. Qxg4 a6 20. Rf2 axb5 21.
Rh2 Nc4 22. Nxc4 bxc4 23. Bxc4+ Rf7 24. Qh5 Bf8 25. Qh8# {Black checkmated}
1-0

[Event "ICC Open 2015"]
[Site "Internet Chess Club"]
[Date "2015.05.30"]
[Round "3"]
[White "ehkopean"]
[Black "BlueJ"]
[Result "0-1"]
[ICCResult "White resigns"]
[WhiteElo "1731"]
[BlackElo "2175"]
[Opening "Sicilian: Grand Prix attack"]
[ECO "B23"]
[NIC "SI.44"]
[Time "14:26:41"]
[TimeControl "180+0"]

1. e4 c5 2. Nc3 Nc6 3. f4 g6 4. Nf3 Bg7 5. Bc4 e6 6. O-O Nge7 7. d3 d5 8.
Bb5 O-O 9. exd5 exd5 10. Qe1 Bg4 11. Qg3 Bxf3 12. Qxf3 Nd4 13. Qd1 a6 14.
Ba4 b5 15. Bb3 c4 16. dxc4 dxc4 17. Be3 cxb3 18. axb3 Nef5 19. g4 Nxe3
{White resigns}
0-1

[Event "ICC Open 2015"]
[Site "Internet Chess Club"]
[Date "2015.05.30"]
[Round "3"]
[White "Werewolf"]
[Black "LittlePeasant"]
[Result "0-1"]
[ICCResult "White resigns"]
[WhiteElo "2197"]
[BlackElo "2771"]
[Opening "Sicilian defense"]
[ECO "B44"]
[NIC "SI.39"]
[Time "14:26:17"]
[TimeControl "180+0"]

1. e4 c5 2. Nf3 e6 3. d4 cxd4 4. Nxd4 Nc6 5. Nxc6 bxc6 6. Bd3 d5 7. exd5
cxd5 8. O-O Nf6 9. c4 Be7 10. Nc3 O-O 11. cxd5 Nxd5 12. Nxd5 Qxd5 13. Be2
Bb7 14. Qxd5 Bxd5 15. Be3 Bf6 16. Bc5 Rfb8 17. Ba3 Bxb2 18. Bxb2 Rxb2 19.
Bd3 Rxa2 20. Rxa2 Bxa2 21. Be4 Bd5 22. Bxd5 exd5 23. Ra1 a5 24. Kf1 Kf8 25.
Ke2 Ke7 26. Kd3 Kd6 27. Kd4 a4 28. Ra3 Ra7 29. f4 Ra8 30. g4 Ra7 31. h4 f6
32. f5 h6 33. Re3 a3 34. Re6+ Kd7 35. Re1 a2 36. Ra1 Kd6 37. g5 hxg5 38.
hxg5 fxg5 39. Kc3 Ke5 40. Kb2 Kf6 {White resigns} 0-1

[Event "ICC Open 2015"]
[Site "Internet Chess Club"]
[Date "2015.05.30"]
[Round "3"]
[White "toll"]
[Black "NFork"]
[Result "0-1"]
[ICCResult "White resigns"]
[WhiteElo "1695"]
[BlackElo "2162"]
[Opening "Polish (Sokolsky) opening"]
[ECO "A00"]
[NIC "VO.10"]
[Time "14:26:24"]
[TimeControl "180+0"]

1. b4 e6 2. Bb2 f5 3. c4 Nf6 4. b5 d5 5. e3 c6 6. a4 Be7 7. Nf3 O-O 8. Be2
Nbd7 9. O-O Ne4 10. d4 Bd6 11. Nbd2 Ndf6 12. Nxe4 fxe4 13. Nd2 Qc7 14. g3 e5
15. c5 Be7 16. dxe5 Nd7 17. Bg4 Nxe5 18. Bxc8 Raxc8 19. Qh5 Bf6 20. f4 exf3
21. Bxe5 Qxe5 22. Rxf3 Qxh5 {White resigns} 0-1

[Event "ICC Open 2015"]
[Site "Internet Chess Club"]
[Date "2015.05.30"]
[Round "3"]
[White "Cristhian-ator"]
[Black "DarkBlue"]
[Result "1-0"]
[ICCResult "Black resigns"]
[WhiteElo "2518"]
[BlackElo "1954"]
[Opening "Queen's pawn game, Krause variation"]
[ECO "D02"]
[NIC "QP.09"]
[Time "14:27:11"]
[TimeControl "180+0"]

1. Nf3 d5 2. d4 c5 3. c4 Nf6 4. cxd5 cxd4 5. Qa4+ Qd7 6. Qxd4 Qxd5 7. Nc3
Qxd4 8. Nxd4 a6 9. e4 e5 10. Nc2 Nc6 11. Bg5 Be6 12. O-O-O Be7 13. Kb1 Rd8
14. Rxd8+ Bxd8 15. Ne3 O-O 16. Bc4 Bxc4 17. Nxc4 Bc7 18. Bxf6 gxf6 19. Nd5
Bd8 20. Nd6 b5 21. Nf5 Nd4 22. Nxd4 exd4 23. Rd1 Re8 24. Rxd4 Kg7 25. f3 Kg6
26. Rd3 f5 27. Nf4+ Kg5 28. Nh3+ Kg6 29. Rd6+ Re6 30. Nf4+ {Black resigns}
1-0

[Event "ICC Open 2015"]
[Site "Internet Chess Club"]
[Date "2015.05.30"]
[Round "3"]
[White "bjerky"]
[Black "JRussell2"]
[Result "1-0"]
[ICCResult "Black resigns"]
[WhiteElo "1673"]
[BlackElo "1255"]
[Opening "English opening"]
[ECO "A25"]
[NIC "EO.20"]
[Time "14:26:56"]
[TimeControl "180+0"]

1. c4 e5 2. g3 Nc6 3. Nc3 Nf6 4. Bg2 Bb4 5. e3 Bxc3 6. bxc3 d5 7. cxd5 Nxd5
8. Ne2 Be6 9. O-O Qd7 10. d4 exd4 11. cxd4 Bh3 12. Qb3 Bxg2 13. Kxg2 Rb8 14.
Nf4 Nxf4+ 15. gxf4 Qg4+ 16. Kh1 Qf3+ 17. Kg1 O-O 18. Bb2 Rfe8 19. e4 Re6 20.
Qxf3 {Black resigns} 1-0

[Event "ICC Open 2015"]
[Site "Internet Chess Club"]
[Date "2015.05.30"]
[Round "3"]
[White "ShadowLike"]
[Black "tristanfran"]
[Result "1-0"]
[ICCResult "Black resigns"]
[WhiteElo "2232"]
[BlackElo "1794"]
[Opening "Sicilian: Smith-Morra gambit"]
[ECO "B21"]
[NIC "SI.48"]
[Time "14:27:35"]
[TimeControl "180+0"]

1. e4 c5 2. d4 cxd4 3. c3 dxc3 4. Nxc3 d6 5. Nf3 Nc6 6. Bc4 Bg4 7. Bxf7+
Kxf7 8. Ng5+ Ke8 9. Qxg4 Nf6 10. Qe6 Qd7 11. Qf7+ Kd8 12. Ne6+ Kc8 13. Nxf8
Ne5 14. Qxg7 Rg8 15. Qxg8 {Black resigns} 1-0

[Event "ICC Open 2015"]
[Site "Internet Chess Club"]
[Date "2015.05.30"]
[Round "3"]
[White "UzbekTiger"]
[Black "BoardLord"]
[Result "1-0"]
[ICCResult "Black resigns"]
[WhiteElo "2773"]
[BlackElo "2265"]
[Opening "Nimzo-Indian: classical, 4...c5"]
[ECO "E38"]
[NIC "NI.22"]
[Time "14:27:02"]
[TimeControl "180+0"]

1. d4 Nf6 2. c4 e6 3. Nc3 Bb4 4. Qc2 c5 5. dxc5 Na6 6. Nf3 Nxc5 7. Bd2 d6 8.
e3 O-O 9. Be2 b6 10. O-O Bb7 11. Rfd1 Qe7 12. b3 Nce4 13. Nxe4 Bxe4 14. Qb2
d5 15. cxd5 Ba3 16. Qe5 Bd6 17. Qd4 Bc5 18. Qa4 Nxd5 19. Qxe4 {Black
resigns} 1-0

[Event "ICC Open 2015"]
[Site "Internet Chess Club"]
[Date "2015.05.30"]
[Round "3"]
[White "rookfish"]
[Black "pawninthegrass"]
[Result "1-0"]
[ICCResult "Black resigns"]
[WhiteElo "1174"]
[BlackElo "1626"]
[Opening "Caro-Kann: advance variation"]
[ECO "B01"]
[NIC "CK.04"]
[Time "14:26:43"]
[TimeControl "180+0"]

1. e4 d5 2. e5 c6 3. d4 Bf5 4. Nf3 e6 5. Nc3 h6 6. Bd3 Nd7 7. Bxf5 exf5 8.
O-O g6 9. Re1 Ne7 10. e6 fxe6 11. Rxe6 Bg7 12. Bf4 O-O 13. Qe2 Rf7 14. Re1
Bf6 15. Bxh6 Rh7 16. Bg5 Kf8 17. Bxf6 Nxf6 18. Rxf6+ Kg7 19. Qe6 Ng8 20.
Rf7+ Kh6 21. Rxh7+ Kxh7 22. Ng5+ Kh6 23. Nf7+ {Black resigns} 1-0

[Event "ICC Open 2015"]
[Site "Internet Chess Club"]
[Date "2015.05.30"]
[Round "3"]
[White "Babaliyev"]
[Black "VerdeNotte"]
[Result "0-1"]
[ICCResult "White checkmated"]
[WhiteElo "1971"]
[BlackElo "2895"]
[Opening "King's Indian, 3.Nf3"]
[ECO "E61"]
[NIC "QP.06"]
[Time "14:26:34"]
[TimeControl "180+0"]

1. d4 Nf6 2. Nf3 g6 3. c4 Bg7 4. Nc3 O-O 5. Bg5 c5 6. d5 b5 7. cxb5 a6 8. e4
axb5 9. Bxb5 Nxe4 10. Nxe4 Qa5+ 11. Ned2 Qxb5 12. Qe2 Qxe2+ 13. Kxe2 Bxb2
14. Rab1 Rxa2 15. Bxe7 Re8 16. d6 Nc6 17. Kd3 Ba6+ 18. Kc2 Nb4+ 19. Kb3 Bg7
20. Nc4 Rb8 21. Nce5 Re2 22. Nxd7 c4+ 23. Ka3 Ra2# {White checkmated} 0-1

[Event "ICC Open 2015"]
[Site "Internet Chess Club"]
[Date "2015.05.30"]
[Round "3"]
[White "Discoverchess"]
[Black "jefferyx"]
[Result "1-0"]
[ICCResult "Black resigns"]
[WhiteElo "2468"]
[BlackElo "2852"]
[Opening "English: symmetrical, main line with d4"]
[ECO "A39"]
[NIC "EO.26"]
[Time "14:26:51"]
[TimeControl "180+0"]

1. c4 Nf6 2. g3 g6 3. Bg2 Bg7 4. Nc3 c5 5. Nf3 O-O 6. O-O Nc6 7. d4 cxd4 8.
Nxd4 a6 9. b3 Qc7 10. Bb2 d6 11. Rc1 Nxd4 12. Qxd4 Ng4 13. Qxg7+ Kxg7 14.
Nd5+ f6 15. Nxc7 Rb8 16. Nd5 Rf7 17. Rcd1 Ne5 18. h3 b5 19. cxb5 axb5 20. f4
Nc6 21. Nxf6 exf6 22. Bxc6 Bxh3 23. Bg2 Bg4 24. Rxd6 Re8 25. e4 Ref8 26. Rc1
Kh6 27. Kf2 Ra7 28. a3 Raf7 29. Rh1+ Kg7 30. Rc1 Kh6 31. Rcc6 Kg7 32. e5
fxe5 33. Bxe5+ Kh6 34. Rc1 Rf5 35. Rh1+ Bh5 36. Ke3 Re8 37. g4 Rfxe5+ 38.
fxe5 Rxe5+ 39. Kd4 Re2 40. gxh5 Rd2+ 41. Kc5 Rc2+ 42. Kb6 {Black resigns}
1-0

[Event "ICC Open 2015"]
[Site "Internet Chess Club"]
[Date "2015.05.30"]
[Round "3"]
[White "MadMad"]
[Black "JArookie"]
[Result "0-1"]
[ICCResult "White resigns"]
[WhiteElo "1414"]
[BlackElo "1895"]
[Opening "King's Indian: Four pawns attack, dynamic line"]
[ECO "E76"]
[NIC "KI.55"]
[Time "14:27:06"]
[TimeControl "180+0"]

1. d4 Nf6 2. c4 g6 3. Nc3 Bg7 4. e4 O-O 5. f4 d6 6. Nf3 c5 7. d5 b5 8. cxb5
a6 9. Be2 axb5 10. Bxb5 Qa5 11. O-O Nxe4 12. Bc6 Nxc3 13. bxc3 Nxc6 14. dxc6
Qxc3 15. Bd2 Qxa1 16. Qxa1 Bxa1 17. Rxa1 Bg4 18. Rb1 Bxf3 19. gxf3 Rfc8 20.
c7 Rxc7 {White resigns} 0-1

[Event "ICC Open 2015"]
[Site "Internet Chess Club"]
[Date "2015.05.30"]
[Round "3"]
[White "Psycho-Cowboy"]
[Black "PraPad"]
[Result "1-0"]
[ICCResult "Black resigns"]
[WhiteElo "2429"]
[BlackElo "1903"]
[Opening "Trompowsky attack (Ruth, Opocenský opening)"]
[ECO "A45"]
[NIC "QP.07"]
[Time "14:26:21"]
[TimeControl "180+0"]

1. d4 Nf6 2. Bg5 Ne4 3. h4 c6 4. Nd2 Nxd2 5. Qxd2 h6 6. Bf4 d5 7. O-O-O Bf5
8. f3 Nd7 9. g4 Bh7 10. Nh3 Qb6 11. g5 O-O-O 12. Nf2 h5 13. e4 e6 14. Qc3
Bb4 15. Qb3 c5 16. c3 Ba5 17. Qc2 c4 18. b4 cxb3 19. axb3 Qc6 20. Kb2 Nb6
21. Ra1 Nc4+ 22. bxc4 dxc4 23. Qa4 Qb6+ 24. Kc2 Rxd4 25. cxd4 Rd8 26. Qxc4+
Kd7 27. Qb5+ {Black resigns} 1-0

[Event "ICC Open 2015"]
[Site "Internet Chess Club"]
[Date "2015.05.30"]
[Round "3"]
[White "ChessNakas"]
[Black "PajoPatak"]
[Result "1-0"]
[ICCResult "Black resigns"]
[WhiteElo "2101"]
[BlackElo "1586"]
[Opening "Sicilian: closed"]
[ECO "B23"]
[NIC "SI.44"]
[Time "14:26:59"]
[TimeControl "180+0"]

1. e4 c5 2. Nc3 e6 3. f4 a6 4. Nf3 Nc6 5. g3 b5 6. Bg2 Bb7 7. d3 Nf6 8. O-O
d5 9. e5 Nd7 10. f5 Be7 11. fxe6 fxe6 12. Bh3 Ndxe5 13. Nxe5 Nxe5 14. Qh5+
Ng6 15. Bxe6 d4 16. Nd5 Bxd5 17. Bxd5 Rb8 18. Bc6+ {Black resigns} 1-0

[Event "ICC Open 2015"]
[Site "Internet Chess Club"]
[Date "2015.05.30"]
[Round "3"]
[White "Bundestrainer"]
[Black "Mardaker"]
[Result "0-1"]
[ICCResult "White resigns"]
[WhiteElo "1846"]
[BlackElo "2731"]
[Opening "Réti: King's Indian attack (Barcza system)"]
[ECO "A07"]
[NIC "VO.09"]
[Time "14:26:26"]
[TimeControl "180+0"]

1. g3 d5 2. Nf3 Nf6 3. Bg2 c5 4. c4 e6 5. O-O Be7 6. b3 O-O 7. Bb2 Nc6 8. e3
b6 9. Nc3 Ba6 10. Qe2 Qd7 11. d4 cxd4 12. exd4 dxc4 13. bxc4 Rac8 14. Rfd1
Rfd8 15. Ne5 Qe8 16. Qe3 Na5 17. d5 Bxc4 18. Nxf7 Qxf7 19. dxe6 Rxd1+ 20.
Rxd1 Qxe6 21. Qg5 Rc5 22. Ne4 Rxg5 23. Nxg5 Qe2 {White resigns} 0-1

[Event "ICC Open 2015"]
[Site "Internet Chess Club"]
[Date "2015.05.30"]
[Round "3"]
[White "DogGambit"]
[Black "Snerk"]
[Result "1-0"]
[ICCResult "Black resigns"]
[WhiteElo "1672"]
[BlackElo "1427"]
[Opening "Caro-Kann: Tartakower (fantasy) variation"]
[ECO "B12"]
[NIC "CK.02"]
[Time "14:26:50"]
[TimeControl "180+0"]

1. e4 c6 2. d4 d5 3. f3 dxe4 4. fxe4 Nf6 5. Nc3 g6 6. Nf3 Bg4 7. Be2 Bg7 8.
O-O Bxf3 9. Bxf3 e6 10. Be3 Nbd7 11. Qe2 O-O 12. e5 Nd5 13. Nxd5 cxd5 14. c3
Rc8 15. Qd2 Qb6 16. Rab1 a6 17. Be2 Qa5 18. a3 Nb6 19. Bd3 Nc4 20. Bxc4 Rxc4
21. Bg5 Rfc8 22. Bf6 Qc7 23. Rf3 b5 24. Rbf1 a5 25. Bxg7 Kxg7 26. Qg5 Kg8
27. Qh6 a4 28. Rxf7 Qxf7 29. Rxf7 Kxf7 30. Qxh7+ Ke8 31. Qxg6+ Kd7 32. Qf7+
{Black resigns}
1-0

[Event "ICC Open 2015"]
[Site "Internet Chess Club"]
[Date "2015.05.30"]
[Round "3"]
[White "slothchess"]
[Black "gauss"]
[Result "1-0"]
[ICCResult "Black resigns"]
[WhiteElo "1556"]
[BlackElo "2033"]
[Opening "Sicilian: Alapin's variation (2.c3)"]
[ECO "B22"]
[NIC "SI.47"]
[Time "14:27:58"]
[TimeControl "180+0"]

1. e4 c5 2. c3 Nf6 3. e5 Nd5 4. d4 cxd4 5. Bc4 Nb6 6. Bb3 d6 7. exd6 Qxd6 8.
Nf3 Nc6 9. O-O g6 10. cxd4 Bg7 11. Nc3 O-O 12. Re1 Qd8 13. d5 Na5 14. Bc2
Nac4 15. Nd2 Nxd2 16. Qxd2 Nc4 17. Qe2 Re8 18. Qxc4 Bd7 19. Be3 b6 20. Rac1
e6 21. d6 Rc8 22. Qb4 Qe7 23. dxe7 {Black resigns} 1-0

[Event "ICC Open 2015"]
[Site "Internet Chess Club"]
[Date "2015.05.30"]
[Round "3"]
[White "vicmel"]
[Black "BlitzPawn94"]
[Result "0-1"]
[ICCResult "White forfeits on time"]
[WhiteElo "1959"]
[BlackElo "2687"]
[Opening "Sicilian: Taimanov variation"]
[ECO "B48"]
[NIC "SI.40"]
[Time "14:26:10"]
[TimeControl "180+0"]

1. e4 c5 2. Nf3 e6 3. d4 cxd4 4. Nxd4 Nc6 5. Nc3 Qc7 6. Be3 a6 7. Qd2 Nf6 8.
f3 b5 9. O-O-O Bb7 10. g4 Ne5 11. a3 b4 12. axb4 Bxb4 13. g5 Nh5 14. Bd3 d5
15. f4 Ng4 16. exd5 Bxd5 17. Rhe1 Nxe3 18. Rxe3 Nxf4 19. Be4 Bxe4 20. Rxe4
Bxc3 21. Qxc3 Qxc3 22. bxc3 Nd5 23. Kd2 O-O 24. Nc6 Rac8 25. Rc4 f6 26. gxf6
Rxf6 27. Kc1 Kf8 28. Ne5 Rxc4 29. Nxc4 Nxc3 30. Rd7 Nd5 {White forfeits on
time} 0-1

[Event "ICC Open 2015"]
[Site "Internet Chess Club"]
[Date "2015.05.30"]
[Round "3"]
[White "hansvanperken"]
[Black "littleplotkin"]
[Result "0-1"]
[ICCResult "White resigns"]
[WhiteElo "1837"]
[BlackElo "2367"]
[Opening "French: Paulsen variation"]
[ECO "C10"]
[NIC "FR.04"]
[Time "14:29:28"]
[TimeControl "180+0"]

1. e4 e6 2. d4 d5 3. Nc3 Nc6 4. e5 f6 5. f4 fxe5 6. fxe5 Qh4+ 7. g3 Qxd4 8.
Qxd4 Nxd4 9. Bd3 Ne7 10. Bf4 h6 11. O-O-O g5 12. Be3 Ndc6 13. Nf3 Bg7 14. h4
g4 15. Nd4 Nxe5 16. Bf4 Nxd3+ 17. Rxd3 e5 {White resigns} 0-1